Map: Orbital Shipyard

Players

Thinking

  • Race: Protoss Protoss
  • League: Platinum

Ailee (Azure) - Winner!

  • Race: Terran Terran
  • League: Master

VOD

Have the link to the VOD?

Description

Time

  • Played on: Nov. 15, 2015, 5:53 p.m.
  • Length: 8:34
Show
View Real Time Build Order
Export as new Build Order

Thinking Protoss 

Build Orders: 1 Gate Expand 

Get SALT Encoding   

  12  0:01  Probe (Chrono Boost)  
  13  0:12  Probe (Chrono Boost)  
  14  0:17  Pylon  
  14  0:22  Probe (Chrono Boost)  
  16  0:36  Probe (Chrono Boost)  
  16  0:37  Gateway  
  16  0:46  Probe (Chrono Boost)  
  17  0:51  Assimilator  
  17  0:57  Probe (Chrono Boost)  
  18  1:07  Probe (Chrono Boost)  
  19  1:18  Probe (Chrono Boost)  
  20  1:28  Probe (Chrono Boost)  
  20  1:30  Nexus  
  21  1:35  Cybernetics Core  
  21  1:43  Pylon  
  21  1:49  Probe (Chrono Boost)  
  21  1:52  Assimilator  
  22  2:04  Pylon  
  22  2:08  Probe (Chrono Boost)  
  23  2:12  Adept, Warp Gate  
  25  2:19  Mothership Core (Chrono Boost)  
  27  2:39  Adept  
  29  2:50  Robotics Facility  
  29  2:55  Pylon  
  30  2:58  Probe (Chrono Boost)  
  30  3:00  Probe (Chrono Boost)  
  31  3:09  Probe (Chrono Boost)  
  31  3:10  Probe (Chrono Boost)  
  33  3:14  Pylon  
  33  3:19  Probe (Chrono Boost)  
  34  3:21  Probe (Chrono Boost)  
  35  3:30  Probe (Chrono Boost), Gateway  
  35  3:31  Probe (Chrono Boost)  
  35  3:34  Gateway  
  37  3:38  Observer (Chrono Boost)  
  37  3:40  Probe  
  38  3:42  Probe  
  38  3:45  Assimilator  
  40  3:51  Probe  
  40  3:54  Probe  
  42  4:01  Probe  
  42  4:02  Warp Prism (Chrono Boost)  
  44  4:06  Probe  
  44  4:24  Probe  
  42  4:25  Probe  
  42  4:30  Assimilator  
  44  4:38  Probe  
  45  4:39  Immortal (Chrono Boost)  
  45  4:44  Twilight Council, Probe  
  49  4:50  Probe, Adept  
  53  4:55  Stalker, Nexus  
  53  4:58  Pylon  
  55  5:02  Pylon  
  55  5:10  Probe  
  55  5:12  Probe  
  57  5:24  Probe  
  57  5:25  Probe  
  59  5:31  Stalker  
  59  5:32  Stalker x2  
  59  5:35  Probe (Chrono Boost)  
  65  5:37  Probe (Chrono Boost), Pylon  
  65  5:41  Blink  
  67  5:43  Robotics Bay  
  67  5:46  Probe (Chrono Boost)  
  67  5:49  Probe (Chrono Boost), Assimilator  
  69  5:57  Adept x3  
  69  6:02  Probe (Chrono Boost)  
  80  6:18  Immortal (Chrono Boost)  
  80  6:30  Pylon  
  80  6:32  Stalker x3  
  82  6:55  Adept  
  82  7:04  Mothership Core  
  78  7:14  Disruptor (Chrono Boost)  
  81  7:25  Gateway  
  81  7:26  Gateway, Adept x2  
  81  7:28  Gateway, Adept  
  87  7:34  Probe x2  
  87  7:35  Probe, Pylon  
  90  7:44  Probe  
  90  7:47  Probe  
  90  7:49  Adept  
  90  7:50  Adept x2  
  98  7:55  Disruptor (Chrono Boost)  
  101  8:01  Pylon  
  101  8:02  Pylon  
  101  8:04  Pylon  
  101  8:06  Pylon  
  101  8:08  Pylon  
Show
View Real Time Build Order
Export as new Build Order

Ailee Terran - Winner!

Build Orders: Cyclone Opening, Bio Tank, MMM Bio 

Get SALT Encoding   

  12  0:02  SCV  
  13  0:14  SCV  
  14  0:20  Supply Depot  
  14  0:26  SCV  
  15  0:42  SCV  
  16  0:43  Barracks  
  16  0:46  Refinery  
  16  0:54  SCV  
  17  1:06  SCV  
  18  1:18  SCV  
  19  1:30  Orbital Command, Marine  
  20  1:44  Command Center  
  20  1:54  Factory  
  20  1:58  SCV  
  21  2:08  Supply Depot, Marine  
  21  2:14  SCV  
  23  2:28  Barracks  
  23  2:29  SCV, Marine  
  25  2:38  Refinery  
  25  2:39  Factory Tech Lab  
  25  2:41  SCV  
  26  2:47  Marine  
  27  2:54  SCV  
  27  2:55  Orbital Command  
  28  2:59  Cyclone  
  31  3:06  SCV, Marine  
  33  3:18  SCV  
  34  3:20  Marine  
  34  3:23  SCV  
  34  3:26  Barracks Reactor  
  36  3:30  SCV  
  37  3:35  SCV  
  37  3:40  Supply Depot  
  37  3:41  Engineering Bay, Widow Mine  
  38  3:42  SCV  
  38  3:46  Marauder  
  38  3:47  SCV, Stimpack  
  44  3:54  SCV  
  45  3:56  Refinery  
  45  3:59  SCV  
  45  4:02  Starport  
  46  4:06  SCV  
  46  4:08  Marine x2  
  49  4:11  SCV  
  50  4:18  SCV  
  50  4:22  Marine  
  50  4:23  SCV  
  50  4:27  Factory Tech Lab  
  50  4:30  SCV  
  50  4:31  Supply Depot, Marine  
  51  4:32  Marine  
  51  4:35  SCV, Liberator  
  54  4:45  Supply Depot  
  54  4:52  Supply Depot, Siege Tank, SCV x2  
  62  5:03  Supply Depot  
  62  5:05  Terran Infantry Weapons Level 1  
  62  5:06  SCV x2, Marine x2  
  62  5:07  Marauder  
  68  5:08  Supply Depot  
  68  5:18  SCV  
  68  5:19  SCV  
  70  5:24  Marine  
  70  5:25  Marine  
  70  5:27  Liberator  
  70  5:28  Marauder  
  72  5:31  SCV x2  
  72  5:33  Siege Tank  
  77  5:40  Supply Depot  
  77  5:41  Command Center, Refinery  
  77  5:43  Supply Depot  
  80  5:52  Combat Shields  
  80  5:54  Marine  
  80  5:55  Barracks  
  80  5:56  Marine x2  
  83  5:59  SCV  
  84  6:10  Liberator  
  84  6:12  Marine  
  84  6:14  Marine  
  84  6:15  SCV  
  84  6:18  Supply Depot  
  89  6:26  Marauder  
  89  6:29  Marine  
  89  6:31  Marine  
  90  6:39  SCV  
  91  6:44  SCV  
  94  6:47  Marine, Marauder  
  94  6:49  Marine  
  94  6:51  SCV  
  95  6:56  SCV  
  92  7:05  Marine  
  92  7:07  Marine  
  92  7:08  Marine  
  92  7:11  SCV  
  92  7:13  Medivac  
  92  7:15  Barracks Tech Lab, Orbital Command  
  95  7:20  SCV  
  95  7:22  Supply Depot  
  96  7:23  SCV, Marine  
  96  7:25  Marine  
  96  7:26  Marauder  
  96  7:29  Bunker  
  101  7:32  SCV  
  101  7:34  Marine  
  101  7:35  SCV  
  104  7:41  Marine  
  104  7:42  Orbital Command  
  104  7:43  Medivac, Marine  
  109  7:44  SCV  
  109  7:47  SCV, Marine  
  109  7:48  Siege Tank  
  109  7:49  Concussive Shells  
  114  7:53  Marauder  
  114  7:54  Barracks  
  114  7:57  Barracks  
  116  7:59  SCV, Marine  
  116  8:00  Marine  
  116  8:04  SCV  
  122  8:05  Marauder  
  122  8:11  SCV  
  123  8:14  Marine  
Tags
 
Add a new tag
Caveats
  • Supply blocks, unpowered buildings, or Contaminate may cause inaccurate times.
  • Supply counts are checked every 10 seconds.